 Dungeon Crawl Stone Soup version 0.30.1-9-gdf580d7c3d (webtiles) character file.

Game seed: 7614465218202935378

36231 lonewolfV2 the Basher (level 14, -24/110 HPs)
             Began as a Formicid Fighter on Oct 20, 2023.
             Was an Elder of Okawaru.
             Annihilated by a dire elephant (34 damage)
             ... on level 1 of the Vaults.
             The game lasted 00:31:37 (16413 turns).

lonewolfV2 the Basher (Formicid Fighter)           Turns: 16413, Time: 00:31:38

Health: -24/110    AC: 26    Str: 21    XL:     14   Next: 22%
Magic:  16/22      EV: 12    Int:  9    God:    Okawaru [****..]
Gold:   1176       SH: 21    Dex: 20    Spells: 13/13 levels left

rFire   + . .        t - +6 dire flail (freeze)
rCold   + + .        x - +0 tower shield
rNeg    + . .        z - +4 ice dragon scales of Lightning Storm {+Blink rF- rC++ rCorr Str-4 Stlth-}
rPois   +            (helmet unavailable)
rElec   .            J - +0 cloak
rCorr   +            l - +1 pair of gloves
SInv    +            I - +0 pair of boots "Totzeuch" {Harm rPois rN+ Dex+7}
Will    +....        F - amulet "Bism" {Acrobat rC+ Regen+}
Stlth   +            j - ring of protection from fire
HPRegen 1.18/turn    C - ring of fire
MPRegen 0.18/turn

%: harm (+30% outgoing, +20% incoming), acrobat
@: heroic, finesse-ful, marked
A: permanent stasis, dig shafts and tunnels, antennae 3, four strong arms
a: Dig, Shaft Self, Renounce Religion, Heroism, Finesse


You were on level 1 of the Vaults.
You worshipped Okawaru.
Okawaru was greatly pleased with you.
You visited 3 branches of the dungeon, and saw 16 of its levels.

You collected 1176 gold pieces.

Inventory:

Hand Weapons
 a - a +0 war axe of freezing
 t - a +6 dire flail of freezing (weapon)
Missiles
 s - 2 throwing nets
Armour
 b - a +0 scale mail
 l - a +1 pair of gloves (worn)
 x - a +0 tower shield (worn)
 z - the +4 ice dragon scales of Lightning Storm (worn) {+Blink rF- rC++ rCorr Str-4 Stlth-}
   (Okawaru gifted it to you on level 9 of the Dungeon)

   Str:       It affects your strength (-4).
   rF:        It makes you vulnerable to fire.
   rC:        It greatly protects you from cold.
   +Blink:    It lets you blink.
   rCorr:     It protects you from acid and corrosion.
   Stlth:     It makes you less stealthy.
 B - the +5 leather armour "Jaonle" {rPois rF+ rN+ Dex-5}
   (You found it on level 7 of the Dungeon)

   Dex:       It affects your dexterity (-5).
   rF:        It protects you from fire.
   rPois:     It protects you from poison.
   rN:        It protects you from negative energy.
 I - the +0 pair of boots "Totzeuch" (worn) {Harm rPois rN+ Dex+7}
   (Okawaru gifted it to you on level 14 of the Dungeon)

   Dex:       It affects your dexterity (+7).
   rPois:     It protects you from poison.
   rN:        It protects you from negative energy.
   Harm:      It increases damage dealt and taken.
 J - a +0 cloak (worn)
 K - a +0 pair of boots
Jewellery
 e - an amulet of guardian spirit
 j - a ring of protection from fire (left hand)
 q - a ring of magical power
 y - a ring of flight
 C - a ring of fire (right hand)
 F - the amulet "Bism" (around neck) {Acrobat rC+ Regen+}
   (You acquired it on level 12 of the Dungeon)

   [amulet of the acrobat]

   It increases your evasion while moving and waiting.
   rC:        It protects you from cold.
   Regen:     It increases your rate of health regeneration.
Wands
 c - a wand of light (5)
 p - a wand of flame (16)
 v - a wand of mindburst (12) (quivered)
 G - a wand of polymorph (4)
Scrolls
 d - 2 scrolls of poison
 g - 4 scrolls of enchant armour
 k - a scroll of fear
 o - 4 scrolls of magic mapping
 w - 2 scrolls of amnesia
 L - a scroll of identify
 N - a scroll of enchant weapon
Potions
 f - a potion of curing
 h - 3 potions of mutation
 i - 2 potions of haste
 m - 2 potions of cancellation
 n - 4 potions of flight
 r - 2 potions of ambrosia {unknown}
 u - 3 potions of degeneration
 A - a potion of magic {unknown}
 D - 2 potions of berserk rage {unknown}
 H - a potion of attraction {unknown}
 M - a potion of lignification {unknown}


   Skills:
 + Level 10.0(15.0) Fighting
 - Level 2.4(14.1) Axes
 * Level 13.6(18.7) Maces & Flails
 + Level 13.3(18.3) Armour
 - Level 11.7(16.7) Shields
 - Level 11.2 Invocations


You had 13 spell levels left.
You didn't know any spells.
Your spell library contained the following spells:

 Spells                   Type           Power      Damage    Failure   Level
 Kiss of Death            Conj/Necr      0%         2d5       90%         1
 Lesser Beckoning         Tloc           0%         N/A       97%         2
 Confusing Touch          Hex            0%         N/A       99%         3
 Gell's Gravitas          Tloc           0%         N/A       99%         3
 Teleport Other           Tloc           0%         N/A       99%         3
 Dispel Undead            Necr           0%         3d6       100%        4
 Olgreb's Toxic Radiance  Pois           0%         N/A       100%        4
 Arcjolt                  Conj/Air       0%         1d10      100%        5
 Discord                  Hex            0%         N/A       100%        8
 Ignition                 Fire           0%         3d3       100%        8
 Maxwell's Capacitive Co  Air            0%         ∞         100%        8
 Vhi's Electric Charge    Tloc/Air       Unusable   N/A       N/A         3

Dungeon Overview and Level Annotations

Branches:
Dungeon (14/15)            Temple (1/1) D:5            Lair (0/5) D:8
    Orc (0/2) D:10         Vaults (1/5) D:14

Altars:
Ashenzari
Cheibriados
Dithmenos
Elyvilon
Fedhas
Gozag
Hepliaklqana
Kikubaaqudgha
Makhleb
Nemelex Xobeh
Okawaru
Qazlal
Ru
Sif Muna
Trog
Uskayaw
Vehumet
Wu Jian
Xom
Yredelemnul
Zin
The Shining One

Portals:
Trove: D:10 (give +6 demon trident)
Bailey: D:10


Innate Abilities, Weirdness & Mutations

You cannot be hasted, slowed, berserked, paralysed or teleported.
You can dig through walls and to a lower floor.
You have a pair of large antennae on your head. (SInv)
Your four strong arms can wield two-handed weapons with a shield.


Message History

The dire elephant barely misses you.
You puncture the dire elephant! You freeze the dire elephant.
The dire elephant is lightly wounded.
You sock the dire elephant! You freeze the dire elephant!
The dire elephant is moderately wounded.
The dire elephant tramples you but does no damage.
You block the dire elephant's attack. x3; The dire elephant closely misses you.
The dire elephant barely misses you. The dire elephant tramples you.
You stumble backwards!
You puncture the dire elephant! You freeze the dire elephant.
The dire elephant is heavily wounded.
Unknown command.
You puncture the dire elephant! You freeze the dire elephant.
The dire elephant is severely wounded.
You sock the dire elephant! You freeze the dire elephant!
The dire elephant is almost dead.
The dire elephant tramples you!
You stumble backwards!
You hit the dire elephant but do no damage.
The dire elephant is almost dead.
Unknown command.
You hit the dire elephant but do no damage.
The dire elephant is almost dead.
You sock the dire elephant! You freeze the dire elephant.
You kill the dire elephant!
Okawaru is honoured by your kill.
You block the dire elephant's attack. x2
The dire elephant tramples you but does no damage.
You block the dire elephant's attack.
You barely miss the dire elephant.
Unknown command.
You completely miss the dire elephant. You hit the dire elephant.
You freeze the dire elephant.
The dire elephant is lightly wounded.
The dire elephant tramples you but does no damage.
The dire elephant trunk-slaps you but does no damage.
The dire elephant tramples you!!
* * * LOW HITPOINT WARNING * * *
You hold your ground!
The dire elephant barely misses you. The dire elephant tramples you!!
You die...

### .. ..# ...
..#...
####..#.#
#.Y.....#
#@Y.....#
#.Y.)...#
#########'#####
#....##....#
#....##....#
#....##...)##
##..††##....###
###....##....##
##....##....#


You could see 3 dire elephants.

Vanquished Creatures
  Rupert (D:14)
  Jorgrun (D:14)
  Gastronok (D:12)
  4 very ugly things (Vaults:1)
  A dire elephant (Vaults:1)
  Josephine (D:11)
  A hydra (D:13)
  2 boulder beetles
  4 centaur warriors
  A death knight (D:14)
  2 two-headed ogres (D:12)
  Urug (D:14)
  A phantasmal warrior (D:14)
  Pikel (D:8)
  An ironbound convoker (Vaults:1)
  An ugly thing (D:13)
  A manticore (D:14)
  2 cyclopes
  Maurice (D:8)
  A vault sentinel (Vaults:1)
  Joseph (D:8)
  2 unseen horrors (D:11)
  2 kobold demonologists
  3 freezing wraiths (D:14)
  3 komodo dragons
  A troll (shapeshifter) (D:14)
  A hornet (D:9)
  5 trolls
  A raiju (shapeshifter) (D:13)
  9 slime creatures
  A shadow (D:11)
  7 wraiths
  5 wyverns
  15 yaks
  A basilisk (D:12)
  13 humans (D:14)
  4 vampire mosquitoes
  A steam dragon (D:8)
  4 acid dragons
  A water moccasin (D:6)
  7 orc warriors
  2 ice beasts
  3 ogres
  A black bear (D:6)
  3 centaurs
  A kobold brigand (D:10)
  3 scorpions (D:5)
  2 bullfrogs (D:6)
  26 wights
  8 killer bees
  5 howler monkeys
  3 jellies
  10 orc priests
  3 hounds
  12 orc wizards
  A sleepcap (D:6)
  5 iguanas
  4 gnolls (D:6)
  5 adders
  A white imp (D:5)
  An ufetubus (D:5)
  5 dart slugs
  37 orcs
  5 endoplasms
  3 giant cockroaches (D:1)
  9 hobgoblins
  12 jackals
  11 kobolds
  2 quokkas (D:1)
  7 ball pythons
  4 bats
  9 frilled lizards
  6 goblins
  7 rats
332 creatures vanquished.

Notes
Turn   | Place    | Note
-------+----------+-------------------------------------------
     0 | D:1      | lonewolfV2 the Formicid Fighter began the quest for the
                  | Orb.
     0 | D:1      | Reached XP level 1. HP: 18/18 MP: 1/1
    67 | D:1      | Reached XP level 2. HP: 4/24 MP: 2/2
   365 | D:1      | Reached XP level 3. HP: 29/29 MP: 3/3
   551 | D:1      | Found a faded altar of an unknown god.
   838 | D:2      | Reached XP level 4. HP: 18/37 MP: 4/4
  1202 | D:2      | Reached skill level 5 in Shields
  1218 | D:2      | Reached XP level 5. HP: 36/42 MP: 5/5
  1461 | D:2      | You fall into a shaft and drop 1 floor!
  2640 | D:4      | Found a shadowy altar of Dithmenos.
  2710 | D:4      | Reached XP level 6. HP: 44/49 MP: 3/6
  2852 | D:4      | Noticed an ogre
  2859 | D:4      | Killed an ogre
  2860 | D:4      | Reached skill level 5 in Fighting
  2860 | D:4      | Reached skill level 5 in Armour
  3342 | D:5      | Entered Level 5 of the Dungeon
  3498 | D:5      | Reached XP level 7. HP: 36/56 MP: 5/7
  3813 | D:5      | Found a staircase to the Ecumenical Temple.
  3825 | Temple   | Entered the Ecumenical Temple
  3825 | Temple   | Noticed a shadow demon
  3825 | Temple   | Noticed a Hell Sentinel
  3825 | Temple   | Noticed a balrug
  3825 | Temple   | Noticed an Ice Fiend
  3825 | Temple   | Noticed a Tzitzimitl
  3825 | Temple   | Noticed a cacodemon
  3825 | Temple   | Noticed a shadow demon
  3826 | Temple   | Noticed Quleaqau the pandemonium lord
  3827 | Temple   | Noticed Jakilup the pandemonium lord
  3827 | Temple   | Noticed Baoluaff the pandemonium lord
  3827 | Temple   | Noticed an orange demon
  3832 | Temple   | Noticed Opeiphemp the pandemonium lord
  3883 | Temple   | Noticed Ustrua Xiekha the pandemonium lord
  3885 | Temple   | Noticed a blizzard demon
  3903 | Temple   | Noticed Delimami the pandemonium lord
  4032 | Temple   | Became a worshipper of Warmaster Okawaru
  4497 | D:5      | Reached XP level 8. HP: 59/64 MP: 8/8
  5005 | D:6      | Reached * piety under Okawaru
  6030 | D:6      | Reached XP level 9. HP: 45/72 MP: 5/9
  6819 | D:7      | Reached ** piety under Okawaru
  6838 | D:7      | Reached skill level 10 in Shields
  7381 | D:7      | Identified the +5 leather armour "Jaonle" {rPois rF+ rN+
                  | Dex-5}
  7633 | D:8      | Reached skill level 1 in Maces & Flails
  7784 | D:8      | Noticed Joseph
  7799 | D:8      | Reached XP level 10. HP: 51/80 MP: 5/10
  7808 | D:8      | Reached *** piety under Okawaru
  7833 | D:8      | Killed Joseph
  8067 | D:8      | Noticed Pikel
  8081 | D:8      | Killed Pikel
  8081 | D:8      | Reached **** piety under Okawaru
  8082 | D:8      | Reached skill level 5 in Maces & Flails
  8607 | D:8      | Noticed Maurice
  8623 | D:8      | Killed Maurice
  8898 | D:8      | Reached ***** piety under Okawaru
  8905 | D:8      | Noticed a komodo dragon
  8914 | D:8      | Killed a komodo dragon
  8914 | D:8      | Received a gift from Okawaru
  8915 | D:8      | Reached skill level 1 in Invocations
  8915 | D:8      | Reached XP level 11. HP: 68/86 MP: 8/12
  9040 | D:8      | Reached skill level 10 in Armour
  9106 | D:8      | Found a staircase to the Lair.
 10367 | D:9      | Identified the +4 ice dragon scales of Lightning Storm
                  | {+Blink rF- rC++ rCorr Str-4 Stlth-} (Okawaru gifted it to
                  | you on level 9 of the Dungeon)
 10367 | D:9      | Received a gift from Okawaru
 10560 | D:9      | Reached skill level 5 in Invocations
 11286 | D:10     | Entered Level 10 of the Dungeon
 11727 | D:10     | Found a portal to a secret trove of treasure.
 11808 | D:10     | Found a flagged portal.
 11901 | D:10     | Found a staircase to the Orcish Mines.
 12128 | D:11     | Noticed a cyclops
 12133 | D:11     | Killed a cyclops
 12285 | D:11     | Reached XP level 12. HP: 65/93 MP: 11/17
 12492 | D:11     | Noticed a boulder beetle
 12510 | D:11     | Killed a boulder beetle
 12691 | D:11     | Noticed Josephine
 12709 | D:11     | Killed Josephine
 12732 | D:11     | Reached skill level 10 in Maces & Flails
 12947 | D:12     | Identified a scroll of acquirement
 12947 | D:12     | Acquired the amulet "Bism" {Acrobat rC+ Regen+}
 13062 | D:12     | Identified the +0 robe of Loss {Int+2}
 13315 | D:12     | Noticed Gastronok
 13336 | D:12     | Killed Gastronok
 13336 | D:12     | Received a gift from Okawaru
 13780 | D:12     | Noticed a two-headed ogre
 13790 | D:12     | Killed a two-headed ogre
 13888 | D:13     | Noticed a centaur warrior
 13888 | D:13     | Noticed a two-headed ogre
 13888 | D:13     | Noticed a four-headed hydra
 13898 | D:12     | Killed a two-headed ogre
 13899 | D:12     | Reached skill level 10 in Invocations
 14070 | D:13     | Killed a four-headed hydra
 14071 | D:13     | Reached XP level 13. HP: 89/98 MP: 13/20
 14077 | D:13     | Killed a centaur warrior
 14205 | D:13     | Noticed a centaur warrior
 14216 | D:13     | Killed a centaur warrior
 14543 | D:13     | Noticed a centaur warrior
 14563 | D:13     | Killed a centaur warrior
 15632 | D:14     | Identified the +0 pair of boots "Totzeuch" {Harm rPois rN+
                  | Dex+7} (Okawaru gifted it to you on level 14 of the
                  | Dungeon)
 15632 | D:14     | Received a gift from Okawaru
 15803 | D:14     | Found an ancient bone altar of Kikubaaqudgha.
 15894 | D:14     | Noticed Jorgrun
 15917 | D:14     | Killed Jorgrun
 15947 | D:14     | Noticed a centaur warrior
 15951 | D:14     | Noticed Rupert
 15987 | D:14     | Killed Rupert
 15996 | D:14     | Killed a centaur warrior
 16029 | D:14     | Noticed Urug
 16037 | D:14     | Killed Urug
 16045 | D:14     | Found a gate to the Vaults.
 16060 | D:14     | Received a gift from Okawaru
 16060 | D:14     | Found the +7 great mace "Firestarter" {flame, immolate,
                  | rFlCloud rF++}
 16118 | Vaults:1 | Entered Level 1 of the Vaults
 16152 | Vaults:1 | Noticed a green very ugly thing
 16152 | Vaults:1 | Noticed a green very ugly thing
 16152 | Vaults:1 | Noticed a green very ugly thing
 16152 | Vaults:1 | Noticed a green very ugly thing
 16161 | Vaults:1 | Killed a red very ugly thing
 16162 | Vaults:1 | Reached XP level 14. HP: 82/109 MP: 22/22
 16165 | Vaults:1 | Killed a green very ugly thing
 16181 | Vaults:1 | Killed a green very ugly thing
 16194 | Vaults:1 | Killed a red very ugly thing
 16388 | Vaults:1 | Noticed a dire elephant
 16389 | Vaults:1 | Noticed a dire elephant
 16390 | Vaults:1 | Noticed a dire elephant
 16392 | Vaults:1 | Noticed a dire elephant
 16395 | Vaults:1 | Reached skill level 10 in Fighting
 16410 | Vaults:1 | Killed a dire elephant
 16413 | Vaults:1 | Annihilated by a dire elephant

Illustrated notes

Levels and vault maps discovered:
D:1:      minmay_arrival_open_corners, layout_basic,
          shapermc_ecumenical_altar_mp_highgroup, minmay_misc_feat_more_columns
D:2:      wander_river, layout_loops_cross, bh_walls_and_bars
D:3:      layout_basic, hangedman_decor_clover_reticule
D:4:      layout_loops_ring, nicolae_dithmenos_the_darkroom
D:5:      layout_basic, minmay_temple_entry_water_ring
D:6:      layout_loops_ring, portal_sewer_entry_d
D:7:      layout_loops_ring
D:8:      layout_basic, erik_lair_dragon, uniq_pikel, uniq_maurice, uniq_joseph
D:9:      layout_cross
D:10:     layout_loops_ring, orc_0_dummy, enter_bailey_2, enter_trove_6
D:11:     layout_basic, uniq_josephine
D:12:     layout_gridville, uniq_gastronok
D:13:     layout_long_grid
D:14:     layout_irregular_city, david_vaults_3, kiku_gazebo_pond_becter,
          portal_ice_cave_entry_frozen_things, uniq_jorgrun, uniq_roxanne
Temple:   nicolae_temple_panitentiary
Vaults:1: nicolae_vaults_trapezoid_lopsided_1, nicolae_vaults_yaktaur_gun_rack,
          nicolae_vaults_circle_grid_b, nicolae_vaults_asterisk,
          nicolae_vaults_security_offices_1, hangedman_vaults_cutoff,
          nicolae_vaults_swerve, nicolae_vaults_weapon_check,
          nicolae_vaults_cornered_office, nicolae_vaults_frosty_reception,
          hangedman_vaults_stretched_pinwheel, v_misc_11,
          nicolae_vaults_house_1, layout_vaults_omnibox

Skill      XL: |  1  2  3  4  5  6  7  8  9 10 11 12 13 14 |
---------------+-------------------------------------------+-----
Fighting       | 4 5 6 7 8 9 10 | 10.0
Armour         | 4 5 6 7 8 9 10 11 13 | 13.3
Shields        | 5 6 7 8 10 11 | 11.7
Maces & Flails | 3 6 9 11 13 | 13.6
Invocations    | 1 7 10 11 | 11.2
Axes           | |  2.4

Action                     |  1- 3 |  4- 6 |  7- 9 | 10-12 | 13-15 || total
---------------------------+-------+-------+-------+-------+-------++-------
  Melee: War axe           |    94 |   138 |   238 |       |       ||   470
         Dire flail        |       |       |    19 |   544 |   255 ||   818
 Invoke: Heroism           |       |       |       |     6 |     5 ||    11
         Finesse           |       |       |       |     5 |     4 ||     9
  Evoke: Wand              |       |       |       |     2 |     2 ||     4
    Use: Scroll            |     1 |     7 |     7 |     6 |     3 ||    24
         Potion            |       |     3 |     1 |     7 |     2 ||    13
   Stab: Invisible         |       |       |       |       |     3 ||     3
 Armour: Scale mail        |    43 |    74 |   130 |       |       ||   247
         Leather armour    |       |       |     3 |    52 |       ||    55
         Ice dragon scales |       |       |       |   185 |   100 ||   285
  Dodge: Dodged            |    41 |    72 |   138 |   150 |    60 ||   461
  Block: Buckler           |    20 |    44 |    68 |       |       ||   132
         Tower shield      |       |       |    88 |   585 |   190 ||   863
